 Dungeon Crawl Stone Soup version 0.30.0-29-ga12c61a403 (webtiles) character file.

Game seed: 7668074544562591054

1050 NotreDorf the Ducker (level 8, -13/60 HPs)
             Began as a Merfolk Venom Mage on June 11, 2023.
             Was an Initiate of Qazlal.
             Mangled by Edmund
             ... wielding a +2 heavy dire flail
              (23 damage)
             ... on level 5 of the Dungeon.
             The game lasted 00:24:07 (5836 turns).

NotreDorf the Ducker (Merfolk Venom Mage)           Turns: 5836, Time: 00:24:08

Health: -13/60     AC:  9    Str: 13    XL:     8   Next: 26%
Magic:  8/14       EV: 14    Int: 16    God:    Qazlal [......]
Gold:   193        SH:  0    Dex: 14    Spells: 9/15 levels left

rFire   . . .        d - +5 quarterstaff (chaos)
rCold   + . .        (shield currently unavailable)
rNeg    . . .        k - +2 robe {rC+}
rPois   .            (no helmet)
rElec   .            n - +1 cloak {rCorr}
rCorr   +            (no gloves)
SInv    .            j - +2 pair of boots
Will    .....        (no amulet)
Stlth   ++           f - ring of Pytielaq {Fly Str+4}
HPRegen 0.30/turn    (no ring)
MPRegen 0.14/turn

%: no passive effects
@: flying
A: (nimble swimmer 2), mertail
a: Renounce Religion


You were on level 5 of the Dungeon.
You worshipped Qazlal.
Qazlal was noncommittal.
You visited 2 branches of the dungeon, and saw 7 of its levels.

You collected 193 gold pieces.

Inventory:

Hand Weapons
 d - a +5 quarterstaff of chaos (weapon)
Armour
 j - a +2 pair of boots (worn)
 k - a +2 robe of cold resistance (worn)
 n - a +1 cloak of preservation (worn)
Jewellery
 f - the ring of Pytielaq (left hand) {Fly Str+4}
   (You found it on level 2 of the Dungeon)

   [ring of flight]

   Str:       It affects your strength (+4).
   Fly:       It grants you flight.
Wands
 i - a wand of iceblast (11)
 l - a wand of digging (4)
Scrolls
 q - a scroll of blinking {unknown}
 r - a scroll of teleportation
 s - a scroll of enchant armour {unknown}
Potions
 a - 2 potions of lignification
 b - 2 potions of magic
 c - 5 potions of curing
 g - 2 potions of flight
 m - a potion of ambrosia
 p - a potion of heal wounds
 t - a potion of brilliance {unknown}


   Skills:
 + Level 4.2 Fighting
 - Level 2.9 Short Blades
 + Level 5.7 Dodging
 - Level 2.1 Stealth
 + Level 4.1 Spellcasting
 + Level 2.9 Conjurations
 - Level 1.3 Transmutations
 + Level 5.5 Poison Magic


You had 9 spell levels left.
You knew the following spells:

 Your Spells              Type           Power      Damage    Failure   Level
a - Sting                 Tmut/Pois      56%        1d5       4%          1
b - Poisonous Vapours     Pois/Air       24%        N/A       9%          2
c - Mephitic Cloud        Conj/Pois/Air  12%        N/A       16%         3

Your spell library contained the following spells:

 Spells                   Type           Power      Damage    Failure   Level
 Summon Small Mammal      Summ           12%        N/A       17%         1
 Olgreb's Toxic Radiance  Pois           21%        N/A       17%         4
 Dazzling Flash           Conj/Hex       16%        N/A       26%         3
 Call Canine Familiar     Summ           3%         N/A       45%         3
 Summon Guardian Golem    Hex/Summ       3%         N/A       45%         3
 Volatile Blastmotes      Fire/Tloc      6%         2d10      45%         3
 Iskenderun's Mystic Bla  Conj/Tloc      8%         2d4       65%         4
 Anguish                  Hex/Necr       1%         N/A       86%         4
 Cause Fear               Hex            1%         N/A       86%         4
 Starburst                Conj/Fire      4%         6d3       100%        6
 Enfeeble                 Hex            1%         N/A       100%        7


Dungeon Overview and Level Annotations

Branches:
Dungeon (6/15)             Temple (1/1) D:4

Altars:
Ashenzari
Cheibriados
Dithmenos
Fedhas
Gozag
Hepliaklqana
Nemelex Xobeh
Okawaru
Qazlal
Ru
Sif Muna
Trog
Uskayaw
Vehumet
Wu Jian
Xom
Yredelemnul
Zin
The Shining One

Annotations:
D:5 Edmund


Innate Abilities, Weirdness & Mutations

((You are very nimble when in or above water. (Stealth+, EV+, Speed+++)))
Your lower body shifts to a powerful aquatic tail in water.


Message History

The ufetubus barely misses you. The ufetubus completely misses you.
You hit the yak but do no damage.
The yak is lightly wounded.
The ufetubus barely misses you. The ufetubus misses you. The yak gores you!
The ufetubus closely misses you. The ufetubus barely misses you.
The yak seems less confused.
The ufetubus hits you but does no damage. x2
The yak attacks as you move away! The yak gores you!
* * * LOW HITPOINT WARNING * * *
The ufetubus barely misses you.
The ufetubus hits you but does no damage.
The yak barely misses the yak.
Casting: Mephitic Cloud (dangerous; 17% risk of failure)
Confirm with . or Enter, or press ? or * to list all spells.
Aiming: Mephitic Cloud (dangerous; 17% risk of failure)
Press: ? - help, Shift-Dir - straight line, f/p - yak
Aim: a yak (almost dead, confused, very poisoned, chance to affect: 67%)
The ball explodes into a vile cloud!
The stinking cloud engulfs the yak but does no damage.
The stinking cloud engulfs you but does no damage.
The stinking cloud engulfs the yak but does no damage.
The yak is almost dead.
You hear a shout!
The yak is engulfed in noxious fumes.
The yak appears confused.
The yak gores you.
* * * LOW HITPOINT WARNING * * *
The yak is engulfed in noxious fumes.
The yak appears confused.
The yak gores the yak!
Edmund the Younger comes into view.
He is wielding a +2 heavy dire flail and wearing a +0 ring mail of poison resistance.
The yak is engulfed in noxious fumes. x2; The yak appears confused.
The yak is engulfed in noxious fumes.
The yak appears confused.
The yak barely misses something.
The yak gores something!
Qazlal accepts your kill.
You feel a bit more experienced.
Something barely misses the yak.
Something closely misses the yak.
Qazlal accepts your kill.
You feel a bit more experienced.
Edmund hits you with a +2 heavy dire flail!!
You die...

#######.....#
#...........#
..######.##..#
+......##..#
#+####.....# #.....#
#.....###########
#...............#
+..###@.....5....######
#### ##@.........#.....
#.....Y....#.....
#..........#.....
#......†...#Y....
#................
####......###.w..
#.....##♣#....
#....##Yw†....


You could see Edmund, a yak and an ufetubus.

Vanquished Creatures
  4 yaks (D:5)
  Sigmund (D:2)
  A black bear (D:4)
  A phantom (D:4)
  A scorpion (D:4)
  Crazy Yiuf (D:6)
  A hound (D:4)
  Natasha (thrice) (D:4)
  6 adders
  2 worms (D:2)
  2 dart slugs
  8 orcs
  6 endoplasms
  6 giant cockroaches
  7 goblins
  4 hobgoblins
  2 quokkas (D:2)
  11 ball pythons
  5 bats
  5 frilled lizards
  10 kobolds
  3 rats
90 creatures vanquished.

Notes
Turn   | Place    | Note
-------+----------+-------------------------------------------
     0 | D:1      | NotreDorf the Merfolk Venom Mage began the quest for the
                  | Orb.
     0 | D:1      | Reached XP level 1. HP: 13/13 MP: 3/3
   255 | D:1      | Reached XP level 2. HP: 20/20 MP: 0/5
   704 | D:1      | Reached skill level 1 in Fighting
   914 | D:1      | Reached XP level 3. HP: 26/26 MP: 4/6
   917 | D:1      | Learned a level 2 spell: Poisonous Vapours
   921 | D:1      | Learned a level 3 spell: Mephitic Cloud
  2038 | D:2      | Reached XP level 4. HP: 32/32 MP: 4/7
  2214 | D:2      | Reached skill level 1 in Short Blades
  2289 | D:2      | Identified the ring of Pytielaq {Fly Str+4}
  2315 | D:2      | Noticed Sigmund
  2361 | D:2      | Killed Sigmund
  2362 | D:2      | Reached skill level 1 in Conjurations
  2362 | D:2      | Reached XP level 5. HP: 32/39 MP: 1/9
  3298 | D:3      | Reached XP level 6. HP: 45/45 MP: 6/10
  3854 | D:3      | Found a faded altar of an unknown god.
  3955 | D:4      | You are sucked into a shaft and drop 2 floors!
  3994 | D:6      | Noticed a black bear
  4015 | D:6      | Noticed an orc warrior
  4016 | D:6      | Noticed an ice beast
  4044 | D:6      | Noticed an ice beast
  4072 | D:6      | Found a runed translucent door.
  4072 | D:6      | Noticed Crazy Yiuf
  4086 | D:6      | Killed Crazy Yiuf
  4189 | D:5      | Entered Level 5 of the Dungeon
  4269 | D:4      | Noticed a black bear
  4276 | D:4      | Killed a black bear
  4396 | D:4      | Noticed Natasha
  4404 | D:4      | Killed Natasha
  4508 | D:4      | Noticed Natasha
  4526 | D:4      | Killed Natasha
  4527 | D:4      | Reached XP level 7. HP: 26/52 MP: 2/11
  4624 | D:4      | Noticed Natasha
  4633 | D:4      | Killed Natasha
  5511 | D:4      | Found a staircase to the Ecumenical Temple.
  5520 | Temple   | Entered the Ecumenical Temple
  5638 | Temple   | Became a worshipper of Qazlal Stormbringer
  5803 | D:5      | Noticed a yak
  5803 | D:5      | Noticed a yak
  5804 | D:5      | Noticed a yak
  5804 | D:5      | Noticed a yak
  5805 | D:5      | Noticed a yak
  5806 | D:5      | Noticed a yak
  5811 | D:5      | Killed a yak
  5812 | D:5      | Reached skill level 5 in Dodging
  5812 | D:5      | Reached skill level 5 in Poison Magic
  5817 | D:5      | Killed a yak
  5818 | D:5      | Reached XP level 8. HP: 32/60 MP: 8/14
  5826 | D:5      | Noticed Edmund
  5828 | D:5      | Killed a yak
  5836 | D:5      | Killed a yak
  5836 | D:5      | Mangled by Edmund

Illustrated notes

Levels and vault maps discovered:
D:1:      shiori_arrival_elements, layout_loops_ring
D:2:      layout_basic, serial_curves, eino_curves_04, eino_curves_04,
          eino_curves_01, eino_curves_03, grunt_ministairs_13,
          patterned_corridor, uniq_sigmund
D:3:      layout_loops_ring, shapermc_ecumenical_altar_petra
D:4:      layout_basic, minmay_temple_entry_glassed_door, uniq_natasha
D:5:      kennysheep_spiral_hall, layout_basic, grunt_ministairs_8,
          serial_bayou_pond_b, hangedman_decor_riveting, uniq_edmund
D:6:      layout_cave_pods, uniq_crazy_yiuf_cottage, uniq_blork_the_orc
Temple:   hellmonk_temple_of_storms

Skill      XL: |  1  2  3  4  5  6  7 |
---------------+----------------------+-----
Dodging        | 3 4 5 |  5.7
Fighting       | 1 2 3 4 |  4.2
Short Blades   | 2 |  2.9
Conjurations   | 1 2 |  2.9
Poison Magic   | 4 5 |  5.5
Spellcasting   | 3 4 |  4.1
Stealth        | |  2.1
Transmutations | |  1.3

Action                     |  1- 3 |  4- 6 |  7- 9 || total
---------------------------+-------+-------+-------++-------
  Melee: Whip              |     1 |       |       ||     1
         Unarmed           |     1 |       |       ||     1
         Mace              |    11 |       |       ||    11
         Dagger            |     4 |    38 |       ||    42
         Quarterstaff      |       |    21 |    40 ||    61
         Punch             |       |     1 |       ||     1
   Cast: Sting             |    73 |    22 |     4 ||    99
         Poisonous Vapours |       |    28 |    19 ||    47
         Mephitic Cloud    |       |     4 |     3 ||     7
    Use: Potion            |       |     1 |       ||     1
         Scroll            |       |     4 |     8 ||    12
   Stab: Sleeping          |       |     1 |     1 ||     2
         Confused          |       |       |     1 ||     1
 Armour: Robe              |     7 |    24 |    13 ||    44
  Dodge: Dodged            |    27 |    52 |    37 ||   116
